 Dungeon Sprint DCSS version 0.29-a0-320-g9f8742066b (webtiles) character file.

Game seed: 8802159538850226504

31384 mhtbhm the Axe Maniac (level 13, -30/222 HPs)
             Began as a Minotaur Berserker on Apr 2, 2022.
             Was the Champion of Trog.
             Killed from afar by Hethracap the pandemonium lord (78 damage)
             ... with a great icy blast
             ... in the Dungeon (Sprint VII: "The Pits").
             The game lasted 00:07:20 (4244 turns).

mhtbhm the Axe Maniac (Minotaur Berserker)          Turns: 4244, Time: 00:07:22

Health: -30/222    AC: 17    Str: 26    XL:     13   Next: 25%
Magic:  12/12      EV: 17    Int:  4    God:    Trog [******]
Gold:   86         SH:  0    Dex: 11    Spells: 12/12 levels left

rFire   + . .      SeeInvis .   a - +5 battleaxe (flame)
rCold   + . .      Faith    .   (shield currently unavailable)
rNeg    + + .      Spirit   .   b - +2 scale mail {rC+}
rPois   +          Reflect  .   (helmet restricted)
rElec   .          Harm     .   k - +1 cloak
rCorr   .          Rampage  .   o - +0 pair of gloves
Will    ++...      NoTele   +   (no boots)
Stlth   ..........              (no amulet)
HPRegen 1.47/turn               l - +3 ring of evasion
MPRegen 0.13/turn               C - ring "Rame Jeesm" {rPois rF+ rN++}

@: berserking, strong-willed, regenerating, hasted, very quick
A: horns 2, retaliatory headbutt
a: Renounce Religion, Berserk, Trog's Hand, Brothers in Arms


You were in the Dungeon.
You worshipped Trog.
Trog was exalted by your worship.
You visited 1 branch You collected 86 gold pieces.

Inventory:

Hand Weapons
 a - a +5 battleaxe of flaming (weapon)
Missiles
 x - a throwing net (quivered)
Armour
 b - a +2 scale mail of cold resistance (worn)
 k - a +1 cloak (worn)
 o - a +0 pair of gloves (worn)
Jewellery
 l - a +3 ring of evasion (left hand)
 m - a +3 ring of protection
 v - a ring of ice
 A - a ring of willpower
 B - the ring of the Suburbs {*Slow rF++ MP+9 Str+3 Int-4}
   (You found it in the Dungeon)

   [ring of magical power]

   Str:       It affects your strength (+3).
   Int:       It affects your intelligence (-4).
   rF:        It greatly protects you from fire.
   MP:        It affects your magic capacity (+9).
   *Slow:     It may slow you when you take damage.
 C - the ring "Rame Jeesm" (right hand) {rPois rF+ rN++}
   (You found it in the Dungeon)

   [ring of protection from fire]

   rF:        It protects you from fire.
   rPois:     It protects you from poison.
   rN:        It greatly protects you from negative energy.
 D - a ring of poison resistance
Wands
 p - a wand of polymorph (7)
 w - a wand of iceblast (2)
 y - a wand of paralysis (3)
Scrolls
 h - a scroll of blinking
 j - a scroll of summoning
 q - 3 scrolls of fog
 r - 2 scrolls of fear
 s - 2 scrolls of enchant armour
 t - 2 scrolls of identify
 z - a scroll of immolation
Potions
 c - 10 potions of curing
 d - 11 potions of heal wounds
 e - a potion of haste
 f - 4 potions of magic
 g - 3 potions of berserk rage
 i - 2 potions of invisibility
 n - 3 potions of might
 u - 2 potions of mutation


   Skills:
 + Level 23.5 Fighting
 O Level 27 Axes
 + Level 17.7 Armour
 + Level 11.3 Dodging
 + Level 4.1 Stealth


You had 12 spell levels left.
You didn't know any spells.
Your spell library was empty.

Dungeon Overview and Level Annotations

Branches:
Dungeon (1/1)

Altars:
Cheibriados
Dithmenos
Elyvilon
Fedhas
Gozag
Hepliaklqana
Makhleb
Nemelex Xobeh
Okawaru
Qazlal
Ru
Sif Muna
Trog
Vehumet
Wu Jian
Xom
Yredelemnul
Zin
The Shining One
Beogh
Jiyva
Lugonu


Innate Abilities, Weirdness & Mutations

You have a pair of horns on your head.
You reflexively headbutt those who attack you in melee.


Message History

You are engulfed in freezing vapours.
You resist.
You slice Hethracap!! You burn Hethracap.
Hethracap is severely wounded.
You slash the troll shaped block of ice!
You melt the troll shaped block of ice.
You are engulfed in freezing vapours.
You resist.
Your stone giant misses Hethracap.
Hethracap gestures at you. The bolt of lightning misses you.
You completely miss Hethracap. Your headbutt misses Hethracap.
Hethracap is severely wounded.
You slash the troll shaped block of ice!
You melt the troll shaped block of ice.
You destroy the troll shaped block of ice!
You are engulfed in freezing vapours.
You resist.
Your stone giant closely misses Hethracap.
Hethracap stings you!!
You miss Hethracap. You headbutt Hethracap!
Hethracap is severely wounded.
You are engulfed in freezing vapours.
You resist.
You closely miss Hethracap.
Hethracap is severely wounded.
You are engulfed in freezing vapours.
You resist. The ice encasing you melts away.
Your stone giant completely misses Hethracap.
Hethracap stings you!!
* * * LOW HITPOINT WARNING * * *
You miss Hethracap.
Hethracap is severely wounded.
You are engulfed in freezing vapours.
You resist.
* * * LOW HITPOINT WARNING * * *
Your stone giant barely misses Hethracap.
You barely miss Hethracap.
Hethracap is severely wounded.
You are engulfed in freezing vapours.
You resist.
* * * LOW HITPOINT WARNING * * *
Hethracap sneers, "Bolt, thou ducking nose-picking dandiprat!"
Hethracap gestures at you.
Hethracap conjures a mighty blast of ice!
The great icy blast engulfs you!!!! You partially resist.
You die...

#.# #'# #&# #§# #§# #°#
#####################'#
...........°§§§§§C....#
...........○§§§§@&....#
####++##############..#
#..# #..# #..# #..#
#..# #..# #..#


You could see Hethracap (ally target) and a friendly stone giant (summoned,
berserk).

Vanquished Creatures
  A Tzitzimitl (D)
  A deep elf blademaster (D)
  A sphinx (D)
  A death cob (D)
  2 emperor scorpions (D)
  A deep elf death mage (D)
  2 great orbs of eyes (D)
  A hydra (D)
  A hell beast (D)
  An anaconda (D)
  A two-headed ogre (D)
  2 fire crabs (D)
  A sun demon (D)
  A shadow wraith (D)
  A sea snake (D)
  A spriggan druid (D)
  2 swamp dragons (D)
  A wizard (D)
  A deep elf zephyrmancer (D)
  4 orc knights (D)
  An orc sorcerer (D)
  A cyclops (D)
  3 elephants (D)
  A rust devil (D)
  2 molten gargoyles (D)
  A smoke demon (D)
  A gargoyle (D)
  An orange demon (D)
  A demonic crawler (D)
  A komodo dragon (D)
  2 kobold demonologists (D)
  A rime drake (D)
  A freezing wraith (D)
  An unseen horror (D)
  An ice devil (D)
  A troll (D)
  A red devil (D)
  A wind drake (D)
  A hornet (D)
  A blink frog (D)
  Grinder (D)
  A polar bear (D)
  A tyrant leech (D)
  5 dream sheep (D)
  2 ynoxinuls (D)
  A vampire (D)
  A shadow (D)
  A wraith (D)
  A steam dragon (D)
  Eustachio (D)
  A basilisk (D)
  A neqoxec (D)
  A warg (D)
  A water moccasin (D)
  2 floating eyes (D)
  Pargi (D)
  6 orc warriors (D)
  2 ogres (D)
  3 centaurs (D)
  Blork the orc (D)
  A scorpion (D)
  A bullfrog (D)
  An earth elemental (D)
  6 killer bees (D)
  A small abomination (D)
  3 orc priests (D)
  Crazy Yiuf (D)
  A gnoll shaman (D)
  3 orc wizards (D)
  A hell rat (D)
  A mummy (D)
  5 gnolls (D)
  An adder (D)
  A river rat (D)
  3 ufetubi (D)
  A worm (D)
  13 orcs (D)
  A ball python (D)
  3 bats (D)
  A giant cockroach (D)
  5 jackals (D)
  2 frilled lizards (D)
  A kobold (D)
  A quokka skeleton (D)
  A block of ice (D)
144 creatures vanquished.

Vanquished Creatures (collateral kills)
  A death cob (D)
  A lindwurm (shapeshifter) (D)
  A red devil (D)
  A wind drake (D)
  A wolf (D)
5 creatures vanquished.

Grand Total: 149 creatures vanquished

Notes
Turn   | Place    | Note
-------+----------+-------------------------------------------
     0 | D        | mhtbhm the Minotaur Berserker began the quest for the Orb.
     0 | D        | Reached XP level 1. HP: 19/19 MP: 0/0
    16 | D        | Reached skill level 4 in Axes
    16 | D        | Reached XP level 2. HP: 16/28 MP: 1/1
   122 | D        | Found a bloodstained altar of Trog.
   122 | D        | Found a shimmering blue altar of Sif Muna.
   122 | D        | Found a viscous altar of Jiyva.
   122 | D        | Found a hazy altar of Hepliaklqana.
   122 | D        | Found an opulent altar of Gozag.
   244 | D        | Noticed a floating eye
   246 | D        | Paralysed by a floating eye for 4 turns
   252 | D        | Killed a floating eye
   253 | D        | Reached skill level 8 in Axes
   253 | D        | Reached XP level 3. HP: 40/40 MP: 2/2
   253 | D        | Reached XP level 4. HP: 48/48 MP: 3/3
   356 | D        | Reached ** piety under Trog
   393 | D        | Noticed Crazy Yiuf
   398 | D        | Killed Crazy Yiuf
   398 | D        | Reached *** piety under Trog
   399 | D        | Reached XP level 5. HP: 56/56 MP: 4/4
   400 | D        | Reached skill level 9 in Axes
   401 | D        | Reached **** piety under Trog
   524 | D        | Found a glowing golden altar of the Shining One.
   524 | D        | Found a glowing silver altar of Zin.
   524 | D        | Found a basalt altar of Yredelemnul.
   524 | D        | Found a shimmering altar of Xom.
   524 | D        | Found an ornate altar of the Wu Jian Council.
   524 | D        | Found a sacrificial altar of Ru.
   524 | D        | Found a stormy altar of Qazlal.
   524 | D        | Found an iron altar of Okawaru.
   524 | D        | Found a sparkling altar of Nemelex Xobeh.
   524 | D        | Found a burning altar of Makhleb.
   524 | D        | Found a blossoming altar of Fedhas.
   524 | D        | Found a white marble altar of Elyvilon.
   524 | D        | Found a shadowy altar of Dithmenos.
   524 | D        | Found a snail-covered altar of Cheibriados.
   548 | D        | Noticed Blork the orc
   552 | D        | Noticed a water moccasin
   559 | D        | Killed a water moccasin
   559 | D        | Reached ***** piety under Trog
   560 | D        | Reached skill level 10 in Axes
   560 | D        | Reached skill level 5 in Armour
   560 | D        | Reached XP level 6. HP: 51/66 MP: 5/5
   562 | D        | Killed Blork the orc
   563 | D        | Reached skill level 10 in Fighting
   563 | D        | Reached skill level 11 in Axes
   623 | D        | Noticed Pargi
   630 | D        | Killed Pargi
   631 | D        | Reached skill level 12 in Axes
   631 | D        | Reached skill level 5 in Dodging
   633 | D        | Noticed a blink frog
   646 | D        | Killed a blink frog
   647 | D        | Reached skill level 13 in Axes
   647 | D        | Reached XP level 7. HP: 58/75 MP: 6/6
   734 | D        | Received a gift from Trog
   819 | D        | Noticed a ynoxinul
   826 | D        | Killed a ynoxinul
   827 | D        | Reached skill level 14 in Axes
   921 | D        | Found a radiant altar of Vehumet.
   921 | D        | Found a corrupted altar of Lugonu.
   947 | D        | Noticed a komodo dragon
   956 | D        | Killed an unseen horror
   957 | D        | Reached XP level 8. HP: 49/85 MP: 7/7
   957 | D        | Killed a komodo dragon
   958 | D        | Reached skill level 15 in Axes
  1169 | D        | Noticed Eustachio
  1173 | D        | Reached ****** piety under Trog
  1173 | D        | Received a gift from Trog
  1182 | D        | Killed Eustachio
  1183 | D        | Reached skill level 16 in Axes
  1295 | D        | Noticed a sea snake
  1296 | D        | Noticed a red devil
  1296 | D        | Noticed a dream sheep
  1297 | D        | Noticed a dream sheep
  1298 | D        | Noticed a dream sheep
  1299 | D        | Killed a sea snake
  1300 | D        | Reached skill level 17 in Axes
  1300 | D        | Reached skill level 10 in Armour
  1300 | D        | Reached XP level 9. HP: 94/94 MP: 8/8
  1310 | D        | Received a gift from Trog
  1314 | D        | Reached skill level 18 in Axes
  1324 | D        | Received a gift from Trog
  1330 | D        | Reached skill level 15 in Fighting
  1335 | D        | Killed a red devil
  1335 | D        | Received a gift from Trog
  1336 | D        | Reached skill level 19 in Axes
  1336 | D        | Reached skill level 1 in Stealth
  1512 | D        | Noticed an orc knight
  1512 | D        | Noticed a gargoyle
  1513 | D        | Noticed an orc knight
  1519 | D        | Reached XP level 10. HP: 93/105 MP: 9/9
  1520 | D        | Killed a gargoyle
  1520 | D        | Received a gift from Trog
  1521 | D        | Killed an orc knight
  1522 | D        | Reached skill level 20 in Axes
  1530 | D        | Killed an orc knight
  1532 | D        | Received a gift from Trog
  1642 | D        | Paralysed by a floating eye for 2 turns
  1652 | D        | Noticed an orc sorcerer
  1659 | D        | Killed an orc sorcerer
  1660 | D        | Reached skill level 21 in Axes
  1660 | D        | Received a gift from Trog
  1662 | D        | Noticed an orc knight
  1665 | D        | Noticed a two-headed ogre
  1676 | D        | Killed an orc knight
  1678 | D        | Killed a two-headed ogre
  1678 | D        | Received a gift from Trog
  1682 | D        | Reached skill level 22 in Axes
  1682 | D        | Reached XP level 11. HP: 89/117 MP: 10/10
  1884 | D        | Received a gift from Trog
  1891 | D        | Noticed an emperor scorpion
  1892 | D        | Noticed a great orb of eyes
  1907 | D        | Killed an emperor scorpion
  1907 | D        | Received a gift from Trog
  1908 | D        | Reached skill level 23 in Axes
  1908 | D        | Noticed Grinder
  1909 | D        | Killed Grinder
  1912 | D        | Killed a great orb of eyes
  1916 | D        | Received a gift from Trog
  2083 | D        | Got the ring of the Suburbs {*Slow rF++ MP+9 Str+3 Int-4}
  2102 | D        | Noticed a swamp dragon
  2123 | D        | Killed a swamp dragon
  2474 | D        | Noticed a deep elf zephyrmancer
  2474 | D        | Noticed a fire crab
  2481 | D        | Killed a deep elf zephyrmancer
  2482 | D        | Reached skill level 24 in Axes
  2484 | D        | Killed a fire crab
  2696 | D        | Noticed a swamp dragon
  2705 | D        | Received a gift from Trog
  2710 | D        | Killed a swamp dragon
  2935 | D        | Noticed a death cob
  2944 | D        | HP: 2/124 [wind drake/the air (7)]
  2951 | D        | Killed a death cob
  2952 | D        | Reached skill level 15 in Armour
  2952 | D        | Reached XP level 12. HP: 38/133 MP: 11/11
  3259 | D        | Noticed a death cob
  3259 | D        | Noticed a deep elf blademaster
  3259 | D        | Noticed a hell beast
  3259 | D        | Noticed a deep elf death mage
  3262 | D        | Killed a death cob
  3269 | D        | Killed a deep elf death mage
  3269 | D        | Received a gift from Trog
  3270 | D        | Reached skill level 25 in Axes
  3273 | D        | Killed a deep elf blademaster
  3276 | D        | Killed a hell beast
  3289 | D        | Got the ring "Rame Jeesm" {rPois rF+ rN++}
  3481 | D        | Noticed a four-headed hydra
  3482 | D        | Noticed a great orb of eyes
  3490 | D        | Killed a great orb of eyes
  3495 | D        | Received a gift from Trog
  3498 | D        | Killed a one-headed hydra
  3499 | D        | Reached skill level 26 in Axes
  3508 | D        | Noticed an anaconda
  3514 | D        | Reached skill level 10 in Dodging
  3517 | D        | Killed an anaconda
  3522 | D        | Reached XP level 13. HP: 146/146 MP: 12/12
  3525 | D        | Noticed an emperor scorpion
  3543 | D        | Killed an emperor scorpion
  3543 | D        | Received a gift from Trog
  3810 | D        | Noticed a Tzitzimitl
  3816 | D        | Killed a Tzitzimitl
  3994 | D        | Noticed a sphinx
  4000 | D        | Paralysed by a sphinx for 2 turns
  4007 | D        | Killed a sphinx
  4008 | D        | Reached skill level 27 in Axes
  4225 | D        | Noticed Hethracap the pandemonium lord
  4244 | D        | Killed from afar by Hethracap the pandemonium lord

Illustrated notes

Levels and vault maps discovered:
D:        pitsprint [storerooms_1, entrance_room_1, metal_vault_4, armoury_2,
          mini_pit_1, grid_room_1, main_hall_1, silver_pit, the_coven_3,
          the_vestibule_1, steel_vault_2, golden_pit, hallway_of_sentries,
          crystal_vault_1, iron_vault_4, final_vault]

Skill      XL: |  1  2  3  4  5  6  7  8  9 10 11 12 13 |
---------------+----------------------------------------+-----
Fighting       | 4 7 8 9 11 12 13 15 17 20 22 23 | 23.5
Axes           | 4 8 10 13 14 17 19 22 24 26 27 | 27.0
Armour         | 4 5 6 8 10 11 12 15 17 | 17.7
Dodging        | 3 4 5 6 7 8 10 11 | 11.3
Stealth        | 1 2 3 4 |  4.1

Action                   |  1- 3 |  4- 6 |  7- 9 | 10-12 | 13-15 || total
-------------------------+-------+-------+-------+-------+-------++-------
Melee: Hand axe          |     8 |    46 |     6 |       |       ||    60
       Headbutt          |     2 |     8 |     9 |    37 |    10 ||    66
       Battleaxe         |       |       |    57 |   150 |    32 ||   239
Invok: Berserk           |       |     1 |     1 |     5 |     2 ||     9
       Brothers in Arms  |       |       |       |     3 |     3 ||     6
       Trog's Hand       |       |       |       |       |     1 ||     1
  Use: Potion            |       |       |       |     6 |     3 ||     9
       Scroll            |       |       |       |     1 |     1 ||     2
Armor: Animal skin       |       |     6 |       |       |       ||     6
       Chain mail        |       |    28 |    34 |    41 |       ||   103
       Swamp dragon scal |       |       |       |    49 |    10 ||    59
       Scale mail        |       |       |       |       |     9 ||     9
Dodge: Dodged            |     2 |    33 |    43 |   129 |    34 ||   241

Table legend: (Time is in decaauts)
 A = Elapsed time spent in this place.
 B = Non-inter-level travel time spent in this place.
 C = Inter-level travel time spent in this place.
 D = Time resting spent in this place.
 E = Time spent auto-exploring this place.
 F = Levels seen in this place.
 G = Mean time per level.
                   A        B        C        D        E       F      G
               +--------+--------+--------+--------+--------+-----+--------+
         Total |   4258 |   4258 |      0 |   2985 |     51 |   1 | 4258.0 |
       Dungeon |   4258 |   4258 |      0 |   2985 |     51 |   1 | 4258.0 |
               +--------+--------+--------+--------+--------+-----+--------+

Top non-repeatable levels by time:
       D: 4258 daAuts
